 Dungeon Crawl Stone Soup version 0.31-a0-986-g5e6e4ef867 (webtiles) character file.

Game seed: 1281898324644645025

32 promet the Firebug (level 3, -1/20 HPs)
             Began as a Deep Elf Fire Elementalist on Nov 18, 2023.
             Slain by an adder (4 damage)
             ... on level 2 of the Dungeon.
             The game lasted 00:06:37 (1629 turns).

promet the Firebug (Deep Elf Fire Elementalist)     Turns: 1629, Time: 00:06:38

Health: -1/20      AC:  3    Str:  7    XL:     3   Next: 10%
Magic:  3/9        EV: 12    Int: 19    God:
Gold:   30         SH:  0    Dex: 15    Spells: 5/8 levels left

rFire   . . .        a - +0 falchion
rCold   . . .        (no shield)
rNeg    . . .        e - +0 robe
rPois   +            (no helmet)
rElec   .            g - +0 cloak
rCorr   .            (no gloves)
SInv    .            (no boots)
Will    .....        (no amulet)
Stlth   ++           j - ring of poison resistance
HPRegen 0.23/turn    (no ring)
MPRegen 0.11/turn

%: no passive effects
@: no status effects
A: no striking features
a: no special abilities


You were on level 2 of the Dungeon.
You visited 1 branch of the dungeon, and saw 2 of its levels.

You collected 30 gold pieces.

Inventory:

Hand Weapons
 a - a +0 falchion (weapon)
Missiles
 c - 4 poisoned darts
 i - 9 stones
Armour
 e - a +0 robe (worn)
 g - a +0 cloak (worn)
Jewellery
 j - a ring of poison resistance (left hand)
Scrolls
 l - a scroll of enchant weapon {unknown}
 m - 2 scrolls of brand weapon {unknown}
Potions
 b - a potion of magic
 d - a potion of lignification {unknown}
 h - 2 potions of might {unknown}


   Skills:
 * Level 0.6 Fighting
 + Level 2.5 Dodging
 + Level 2.6 Stealth
 + Level 3.3 Spellcasting
 + Level 1.1 Conjurations
 + Level 4.1 Fire Magic


You had 5 spell levels left.
You knew the following spells:

 Your Spells              Type           Power      Damage    Failure   Level
a - Foxfire               Conj/Fire      52%        2x1d6     4%          1
b - Scorch                Fire           36%        2d6       4%          2

Your spell library contained the following spells:

 Spells                   Type           Power      Damage    Failure   Level
 Inner Flame              Hex/Fire       11%        N/A       19%         3
 Volatile Blastmotes      Fire/Tloc      22%        2d11      19%         3
 Flame Wave               Conj/Fire      13%        2d6       45%         4


Dungeon Overview and Level Annotations

Branches:
Dungeon (2/15)

Altars:


Message History

Casting: Foxfire (safe; 4% risk of failure)
Confirm with . or Enter, or press ? or * to list all spells.
You conjure some foxfire!
The kobold shouts!
The adder barely misses you.
The foxfire hits the adder but does no damage.
The adder is lightly wounded.
The adder closely misses you.
Casting: Foxfire (safe; 4% risk of failure)
Confirm with . or Enter, or press ? or * to list all spells.
You conjure some foxfire!
The foxfire hits the adder but does no damage.
The adder is lightly wounded.
Casting: Foxfire (safe; 4% risk of failure)
Confirm with . or Enter, or press ? or * to list all spells.
There is not enough space to conjure foxfire!
The adder misses you. x2
You closely miss the adder.
The adder is lightly wounded.
The adder closely misses you. The adder completely misses you.
The adder bites you but does no damage. The adder misses you.
Casting: Foxfire (safe; 4% risk of failure)
Confirm with . or Enter, or press ? or * to list all spells.
Flames lash the kobold.
You kill the kobold!
The adder bites you but does no damage. The adder barely misses you.
You closely miss the adder.
The adder is lightly wounded.
The adder bites you but does no damage. The adder misses you. x2
The adder bites you.
You miss the adder.
The adder is lightly wounded.
The adder bites you.
* * * LOW HITPOINT WARNING * * *
The adder closely misses you. x2; The adder bites you.
* * * LOW HITPOINT WARNING * * *
You barely miss the adder.
The adder is lightly wounded.
The adder barely misses you. The adder bites you.
You die...

... ### #.. ..#
#.. #.# #.# #.#
#.###+#### #)#
#.........
#S####K........
#@SSSSSg.......
#######g.......
#........
#S.....K. #####
#.####### #...#
#J# #### .
#.#.# #S##...##
.. #.#.#
#S#.S...#
...####[#.#
#S..S...#


You could see 2 adders, a hobgoblin, a goblin, 4 ball pythons and a kobold.

Vanquished Creatures
  A dart slug (D:1)
  An endoplasm (D:2)
  A giant cockroach (D:1)
  A hobgoblin (D:2)
  2 jackals (D:1)
  5 kobolds
  3 quokkas (D:1)
  4 ball pythons
  2 bats (D:1)
  A frilled lizard (D:1)
  3 goblins (D:1)
  4 rats (D:1)
28 creatures vanquished.

Vanquished Creatures (others)
  61 foxfires
61 creatures vanquished.

Grand Total: 89 creatures vanquished

Notes
Turn   | Place    | Note
-------+----------+-------------------------------------------
     0 | D:1      | promet the Deep Elf Fire Elementalist began the quest for
                  | the Orb.
     0 | D:1      | Reached XP level 1. HP: 10/10 MP: 6/6
   102 | D:1      | Reached XP level 2. HP: 15/15 MP: 1/8
   437 | D:1      | Learned a level 2 spell: Scorch
   610 | D:1      | Found a faded altar of an unknown god.
   798 | D:1      | Reached skill level 4 in Fire Magic
  1525 | D:2      | Reached XP level 3. HP: 20/20 MP: 6/9
  1629 | D:2      | Slain by an adder

Illustrated notes

Levels and vault maps discovered:
D:1:      sevenhm_arrival_forest_fort_small_3, layout_loops_cross,
          ebering_ecumenical_altar_mist
D:2:      layout_basic, minmay_shallow_snake_nest

Skill      XL: |  1  2 |
---------------+-------+-----
Fire Magic     | 4 |  4.1
Fighting       | |  0.6
Dodging        | |  2.5
Stealth        | |  2.6
Spellcasting   | |  3.3
Conjurations   | |  1.1

Action                     || total
---------------------------++-------
  Melee: Club              ||    11
         Falchion          ||    17
   Cast: Foxfire           ||    38
         Scorch            ||     3
    Use: Scroll            ||     2
 Armour: Robe              ||    36
  Dodge: Dodged            ||    45

Table legend: (Time is in decaauts)
 A = Elapsed time spent in this place.
 B = Non-inter-level travel time spent in this place.
 C = Inter-level travel time spent in this place.
 D = Time resting spent in this place.
 E = Time spent auto-exploring this place.
 F = Levels seen in this place.
 G = Mean time per level.
                   A        B        C        D        E       F      G
               +--------+--------+--------+--------+--------+-----+--------+
         Total |   1634 |   1623 |     11 |    668 |    451 |   2 |  817.0 |
       Dungeon |   1634 |   1623 |     11 |    668 |    451 |   2 |  817.0 |
               +--------+--------+--------+--------+--------+-----+--------+

Top non-repeatable levels by time:
     D:1: 1521 daAuts
     D:2: 113 daAuts
